 Dungeon Sprint DCSS version 0.29-a0-925-g0a7a3d12f8 (webtiles) character file.

Game seed: 3782482210377462807

2151 Hipnos the Carver (level 9, -1/81 HPs)
             Began as a Demonspawn Chaos Knight on July 28, 2022.
             Was a Plaything of Xom.
             Slain by a polar bear (3 damage)
             ... in the Dungeon (Sprint II: "The Violet Keep of Menkaure").
             The game lasted 00:07:07 (1286 turns).

Hipnos the Carver (Demonspawn Chaos Knight)         Turns: 1286, Time: 00:07:07

Health: -1/81      AC: 12    Str: 17    XL:     9   Next: 10%
Magic:  9/9        EV: 17    Int: 13    God:    Xom [....*.]
Gold:   84         SH:  4    Dex: 13    Spells: 8/8 levels left

rFire   . . .      SeeInvis .   a - +2 falchion (chaos)
rCold   + . .      Faith    .   (no shield)
rNeg    . . .      Spirit   .   b - +2 leather armour
rPois   +          Reflect  .   (helmet restricted)
rElec   +          Harm     .   d - scarf {shadows}
rCorr   .          Rampage  .   (no gloves)
Will    .....      NoTele   +   (no boots)
Stlth   +++.......              (no amulet)
HPRegen 0.23/turn               e - ring of Lust {rElec rPois rC+}
MPRegen 0.11/turn               (no ring)

@: agile
A: antennae 1, slimy green scales 2, icemail 1, powered by pain 1, condensation
shield
a: Renounce Religion


You were in the Dungeon.
You worshipped Xom.
You were a beloved toy of Xom.
You visited 1 branch You collected 972 gold pieces.
You spent 888 gold pieces at shops.

Inventory:

Hand Weapons
 a - a +2 falchion of chaos (weapon)
Armour
 b - a +2 leather armour (worn)
 d - a scarf of shadows (worn)
Jewellery
 e - the ring of Lust (left hand) {rElec rPois rC+}
   (You bought it in a shop in the Dungeon)

   [ring of poison resistance]

   rC:        It protects you from cold.
   rElec:     It insulates you from electricity.
   rPois:     It protects you from poison.
Scrolls
 i - a scroll of blinking
Potions
 f - a potion of haste
 g - 2 potions of magic
Miscellaneous
 c - a piece from Xom's chessboard (14/15) (quivered)


   Skills:
 + Level 11.3 Fighting
 + Level 11.5 Long Blades
 + Level 6.6 Armour
 + Level 3.7 Dodging
 + Level 8.0 Stealth
 + Level 1.2 Shields
 + Level 5.4 Evocations


You had 8 spell levels left.
You didn't know any spells.
Your spell library was empty.

Dungeon Overview and Level Annotations

Branches:
Dungeon (1/1)

Altars:
Cheibriados
Dithmenos
Fedhas
Gozag
Hepliaklqana
Kikubaaqudgha
Makhleb
Nemelex Xobeh
Qazlal
Ru
Sif Muna
Trog
Uskayaw
Jiyva
Lugonu

Shops:
D [[:[![=?[!::(!=

Annotations:
D exclusions: obsidian statue and oklob plant, Kirke


Innate Abilities, Weirdness & Mutations

You have a pair of small antennae on your head.
You are mostly covered in slimy green scales. (AC +3)
A meltable icy envelope protects you from harm. (AC +4)
You sometimes gain a little power by taking damage.
A meltable shield of frost defends you. (SH +4)


Message History

Xom thinks this is hilarious!
Your unstable footing causes you to fumble your attack.
Something bites you. Something completely misses you.
Something claws you but does no damage.
A yaktaur comes into view.
Your unstable footing causes you to fumble your attack.
Something bites you but does no damage. Something claws you but does no damage.
Something claws you. The polar bear bites you.
The polar bear claws you but does no damage.
The polar bear closely misses you.
Your unstable footing causes you to fumble your attack.
Something bites you.
Something claws you but does no damage. x2
The yaktaur wields a +0 arbalest.
The yaktaur shoots a bolt.
The bolt hits you!!
The polar bear bites you but does no damage.
The polar bear claws you but does no damage.
You block the polar bear's attack.
You hear an angry buzzing noise.
A hornet comes into view.
Something completely misses you. x2; Something claws you.
The polar bear bites you. The polar bear barely misses you.
You block the polar bear's attack.
You barely miss the polar bear. Something bites you!
Something claws you but does no damage. Something barely misses you.
The polar bear bites you!
* * * LOW HITPOINT WARNING * * *
You focus on the pain.
You feel agile all of a sudden.
The polar bear claws you but does no damage.
The polar bear misses you.
You make a move on Xom's chessboard...
The polar bear seems to speed up.
The polar bear bites you!
* * * LOW HITPOINT WARNING * * *
The polar bear misses you. The polar bear closely misses you.
Something bites you!
* * * LOW HITPOINT WARNING * * *
Something barely misses you. You block something's attack.
The polar bear completely misses you. The polar bear claws you.
You die...
Xom snickers!

.......#,,+,^,^*,,*,,*,,,,,,,,*
##+##..#{,****,*,,*,,*,,,,,,, * ,
#...##.####,,+.##.*,,*,,,,,,,,**,
..#..#....#{,*.^.#*** ,,,, ,,,**,
#...####..## *#..#*,**, ,,,, ,**,
##)###.##..#{,+.^#,,#* ,,,,,,,
##.##...#..#{{#^.#,.#* ,,,,,, **,
'.<.+###'..####..##y#*,,,,,,,, *,
##.##...#....###@hc##▓▓▓****+****
##'###.##......≈≈{≈≈≈≈≈≈ ≈≈≈,,,≈≈
#.#.####≈≈.....≈#+######* +*** ≈
.###.#≈≈§≈§≈§..≈#....._._*≈≈≈**≈
#.#.##≈≈≈≈≈≈§≈.≈#...._._,*≈≈≈≈ **
##+##≈≈≈§≈≈§≈§≈≈#..._._._*≈≈≈≈≈**
≈≈≈≈≈≈≈≈≈≈≈≈§§§≈#.._._._,*≈≈≈ ≈≈*
++#+++#≈≈≈≈≈≈≈≈≈#._._._._*≈≈≈≈≈ +
≈SSS≈§##≈≈≈###≈§#_._._._, ≈≈≈≈ ≈


You could see a polar bear (fast), a yaktaur and a hornet.

Vanquished Creatures
  2 boulder beetles (D)
  A merfolk siren (D)
  2 wyverns (D)
  Menkaure (D)
  4 scorpions (D)
10 creatures vanquished.

Vanquished Creatures (others)
  A vampire mosquito (D)
1 creature vanquished.

Grand Total: 11 creatures vanquished

Notes
Turn   | Place    | Note
-------+----------+-------------------------------------------
     0 | D        | Hipnos the Demonspawn Chaos Knight began the quest for the
                  | Orb.
     0 | D        | Reached XP level 1. HP: 18/18 MP: 1/1
     1 | D        | Noticed a scorpion
     1 | D        | Noticed a scorpion
     6 | D        | XOM: butterfly on damage
    14 | D        | Killed a scorpion
    15 | D        | Reached skill level 5 in Fighting
    15 | D        | Reached skill level 5 in Long Blades
    15 | D        | Reached skill level 1 in Dodging
    15 | D        | Gained mutation: A meltable shield of frost defends you.
                  | (SH +4) [demonic ancestry]
    15 | D        | Reached XP level 2. HP: 28/28 MP: 2/2
    15 | D        | Gained mutation: You sometimes gain a little power by
                  | taking damage. [demonic ancestry]
    15 | D        | Reached XP level 3. HP: 34/34 MP: 3/3
    20 | D        | Killed a scorpion
    21 | D        | Reached XP level 4. HP: 41/41 MP: 4/4
    22 | D        | Noticed a scorpion
    22 | D        | Noticed a scorpion
    26 | D        | Killed a scorpion
    27 | D        | Gained mutation: You have a pair of small antennae on your
                  | head. [demonic ancestry]
    27 | D        | Reached XP level 5. HP: 39/49 MP: 5/5
   130 | D        | Noticed a boulder beetle
   130 | D        | Noticed a boulder beetle
   133 | D        | Noticed a wyvern
   133 | D        | Noticed a wyvern
   148 | D        | Killed a wyvern
   149 | D        | Reached skill level 1 in Stealth
   149 | D        | Gained mutation: You are partially covered in slimy green
                  | scales. (AC +2) [demonic ancestry]
   149 | D        | Reached XP level 6. HP: 30/58 MP: 6/6
   338 | D        | Killed a wyvern
   339 | D        | Reached skill level 5 in Armour
   339 | D        | Gained mutation: A meltable icy envelope protects you from
                  | harm. (AC +4) [demonic ancestry]
   339 | D        | Reached XP level 7. HP: 48/65 MP: 7/7
   355 | D        | XOM: scenery: 1 doors open
   356 | D        | Noticed a merfolk siren
   358 | D        | XOM: cleaving
   362 | D        | XOM: divination: magic mapping
   363 | D        | XOM: smoke on damage
   366 | D        | Killed a merfolk siren
   367 | D        | Reached skill level 10 in Fighting
   367 | D        | Reached skill level 10 in Long Blades
   370 | D        | XOM: scenery: 1 doors close
   397 | D        | Found Qaph's Jewellery Emporium.
   399 | D        | Found Giamil Jerph's Antique Weapon Shoppe.
   400 | D        | Found Odotsagu's Book Emporium.
   402 | D        | Found Lorchuif's Armour Shoppe.
   403 | D        | Found Favuew's Book Emporium.
   404 | D        | Found Nedgh's Distillery.
   404 | D        | Found Gushro's Magic Scroll Emporium.
   405 | D        | Found Naneuwel's Jewellery Shoppe.
   405 | D        | Found Juxogg's Antique Armour Emporium.
   406 | D        | Found Vaatosoz's Distillery.
   408 | D        | Noticed a redback
   409 | D        | Found Luceac's Distillery.
   409 | D        | Found Anwawurph's Antique Armour Emporium.
   409 | D        | Noticed Menkaure
   409 | D        | Noticed a redback
   409 | D        | Noticed an oklob plant
   410 | D        | Found Weeheagg's Antique Armour Shoppe.
   410 | D        | Found Voasof's Antique Armour Emporium.
   410 | D        | Found Dema's Book Shoppe.
   411 | D        | Bought the ring of Lust {rElec rPois rC+} for 574 gold
                  | pieces
   421 | D        | XOM: confuse monster(s)
   422 | D        | XOM: summons friendly crimson imp
   425 | D        | Killed Menkaure
   431 | D        | Noticed a death yak
   441 | D        | Noticed a vampire mosquito
   442 | D        | Killed a vampire mosquito
   442 | D        | XOM: divine lightning
   461 | D        | Found a snail-covered altar of Cheibriados.
   461 | D        | Found a hazy altar of Hepliaklqana.
   462 | D        | Found a shadowy altar of Dithmenos.
   462 | D        | Found a viscous altar of Jiyva.
   462 | D        | Found a stormy altar of Qazlal.
   463 | D        | Found an ancient bone altar of Kikubaaqudgha.
   463 | D        | Found a sacrificial altar of Ru.
   464 | D        | Found a blossoming altar of Fedhas.
   464 | D        | Found a corrupted altar of Lugonu.
   464 | D        | Found a shimmering blue altar of Sif Muna.
   465 | D        | Found an opulent altar of Gozag.
   465 | D        | Found a burning altar of Makhleb.
   465 | D        | Found a bloodstained altar of Trog.
   476 | D        | XOM: cast spell 'Metabolic Englaciation'
   491 | D        | HP: 1/67 [boulder beetle (8)]
   854 | D        | Killed a boulder beetle
   855 | D        | Reached skill level 1 in Shields
   855 | D        | Gained mutation: You are mostly covered in slimy green
                  | scales. (AC +3) [demonic ancestry]
   855 | D        | Reached XP level 8. HP: 75/75 MP: 8/8
   859 | D        | Bought a scarf of shadows for 120 gold pieces
   867 | D        | Bought a scroll of enchant weapon for 97 gold pieces
   867 | D        | Bought a scroll of enchant weapon for 97 gold pieces
   894 | D        | Noticed Kirke
   894 | D        | Noticed a kobold demonologist
   896 | D        | Noticed an obsidian statue
   926 | D        | XOM: blink monster(s)
   928 | D        | HP: 2/75 [boulder beetle (9)]
   929 | D        | Killed a boulder beetle
   930 | D        | Reached skill level 5 in Evocations
   930 | D        | Reached XP level 9. HP: 3/81 MP: 9/9
  1216 | D        | XOM: noise
  1277 | D        | XOM: divination: magic mapping
  1278 | D        | Found a sparkling altar of Nemelex Xobeh.
  1278 | D        | Found a hide-covered altar of Uskayaw.
  1278 | D        | Noticed a polar bear
  1278 | D        | Noticed a polar bear
  1281 | D        | Noticed a yaktaur
  1286 | D        | HP: 2/81 [something (7)]
  1286 | D        | Slain by a polar bear

Illustrated notes

Levels and vault maps discovered:
D:        the_violet_keep_of_menkaure [sprint2_stairs_cluster_1,
          sprint2_shoproom, sprint2_temple, sprint2_basic_supplies,
          sprint2_obstacle_7, sprint2_obstacle_6, sprint2_obstacle_3,
          sprint2_obstacle_2, sprint2_obstacle_4, sprint2_timed_cluster_1,
          sprint2_smallroom_cluster_1, sprint2_smallroom_final_cluster_1,
          sprint2_transparent_cluster_1, sprint2_second_timed_cluster_1,
          sprint2_sniper_area_1, sprint2_heavy_combat_area_1,
          sprint2_mutation_trap_area_1, sprint2_forest_area_1,
          sprint2_light_combat_area_1, sprint2_behind_water_1,
          sprint2_near_end_vault_1]

Skill      XL: |  1  2  3  4  5  6  7  8 |
---------------+-------------------------+-----
Fighting       | 5 6 7 9 11 | 11.3
Long Blades    | 5 6 7 8 9 11 | 11.5
Armour         | 2 3 4 5 6 |  6.6
Dodging        | 1 2 3 |  3.7
Stealth        | 1 6 8 |  8.0
Evocations     | 2 4 5 |  5.4
Shields        | 1 |  1.2

Action                   |  1- 3 |  4- 6 |  7- 9 || total
-------------------------+-------+-------+-------++-------
Melee: Falchion          |    13 |    22 |    57 ||    92
       Punch             |       |     1 |       ||     1
Evoke: Piece from Xom's  |     2 |     7 |     8 ||    17
  Use: Potion            |     2 |       |     1 ||     3
       Scroll            |       |       |     2 ||     2
 Stab: Sleeping          |       |     1 |       ||     1
       Paralysed         |       |       |    14 ||    14
Armor: Leather armour    |     3 |     8 |    19 ||    30
Dodge: Dodged            |     1 |    20 |    21 ||    42
Block: Other             |       |     7 |     3 ||    10

Table legend: (Time is in decaauts)
 A = Elapsed time spent in this place.
 B = Non-inter-level travel time spent in this place.
 C = Inter-level travel time spent in this place.
 D = Time resting spent in this place.
 E = Time spent auto-exploring this place.
 F = Levels seen in this place.
 G = Mean time per level.
                   A        B        C        D        E       F      G
               +--------+--------+--------+--------+--------+-----+--------+
         Total |   1325 |   1325 |      0 |    928 |      0 |   1 | 1325.0 |
       Dungeon |   1325 |   1325 |      0 |    928 |      0 |   1 | 1325.0 |
               +--------+--------+--------+--------+--------+-----+--------+

Top non-repeatable levels by time:
       D: 1325 daAuts
